Map: Lightshade LE

Players

zuka - Winner!

  • Race: Protoss Protoss
  • League: Master
  • Spawn Location: 11:00

MǂAdel

  • Race: Protoss Protoss
  • League: Master
  • Spawn Location: 5:00

VOD

Have the link to the VOD?

Description

Time

  • Played on: Dec. 6, 2020, 4:11 p.m.
  • Length: 15:29
Show
View Real Time Build Order
Export as new Build Order

zuka Protoss - Winner!

Build Orders: Oracle Opening, Carriers 

Get SALT Encoding   

  12  0:00  Probe  
  13  0:12  Probe  
  14  0:17  Pylon  
  14  0:24  Probe (Chrono Boost)  
  16  0:36  Probe (Chrono Boost)  
  16  0:38  Gateway  
  16  0:41  Probe (Chrono Boost)  
  16  0:48  Assimilator  
  17  0:53  Probe  
  17  0:56  Assimilator  
  18  1:03  Pylon  
  18  1:07  Probe (Chrono Boost)  
  20  1:18  Probe (Chrono Boost)  
  20  1:23  Probe (Chrono Boost)  
  20  1:25  Cybernetics Core  
  21  1:28  Pylon  
  21  1:33  Probe  
  22  1:45  Probe  
  23  2:05  Nexus  
  23  2:10  Stalker (Chrono Boost)  
  25  2:24  Stargate  
  25  2:25  Probe  
  26  2:31  Warp Gate  
  26  2:37  Probe  
  26  2:42  Stalker  
  29  2:49  Probe  
  30  2:51  Pylon  
  29  3:01  Shield Battery, Probe  
  30  3:06  Oracle (Chrono Boost)  
  33  3:13  Probe  
  33  3:18  Probe  
  35  3:25  Probe  
  36  3:28  Void Ray (Chrono Boost)  
  36  3:30  Probe  
  37  3:37  Probe  
  42  3:43  Shield Battery  
  43  3:50  Robotics Facility  
  43  3:51  Probe  
  43  3:57  Pylon  
  43  3:58  Probe  
  44  4:03  Probe  
  44  4:08  Pylon  
  45  4:10  Probe  
  45  4:16  Probe  
  47  4:21  Assimilator  
  47  4:22  Probe  
  47  4:23  Assimilator  
  48  4:27  Void Ray (Chrono Boost)  
  48  4:28  Probe  
  49  4:34  Probe  
  49  4:37  Observer (Chrono Boost)  
  55  4:40  Shield Battery, Probe  
  56  4:46  Probe  
  56  4:52  Probe  
  58  4:56  Immortal (Chrono Boost)  
  58  4:58  Probe  
  63  5:04  Probe  
  63  5:05  Shield Battery  
  63  5:06  Void Ray  
  64  5:10  Probe  
  69  5:17  Protoss Air Weapons Level 1  
  69  5:19  Pylon  
  69  5:26  Pylon  
  69  5:37  Immortal (Chrono Boost)  
  69  5:42  Probe  
  74  5:46  Fleet Beacon  
  74  5:54  Probe  
  75  5:58  Probe  
  76  6:05  Nexus  
  76  6:06  Probe  
  76  6:08  Shield Battery  
  76  6:10  Probe  
  75  6:14  Immortal (Chrono Boost)  
  79  6:18  Probe  
  79  6:25  Forge  
  80  6:31  Shield Battery  
  82  6:33  Pylon  
  82  6:37  Carrier (Chrono Boost)  
  86  6:44  Stargate  
  86  6:47  Pylon  
  86  6:53  Sentry  
  88  6:54  Immortal (Chrono Boost)  
  88  6:59  Probe  
  93  7:02  Probe  
  94  7:08  Pylon  
  94  7:11  Probe  
  94  7:14  Probe  
  94  7:15  Pylon  
  96  7:18  Probe  
  96  7:22  Photon Cannon  
  97  7:27  Immortal  
  107  7:39  Probe x2  
  107  7:41  Probe  
  110  7:45  Carrier (Chrono Boost)  
  116  7:51  Carrier (Chrono Boost), Probe  
  116  7:52  Probe  
  116  7:53  Probe  
  119  8:03  Photon Cannon, Probe  
  119  8:05  Photon Cannon  
  121  8:11  Assimilator  
  120  8:15  Assimilator  
  120  8:19  Robotics Bay  
  120  8:23  Pylon, Protoss Air Weapons Level 2 (Chrono Boost)  
  121  8:27  Photon Cannon  
  120  8:40  Carrier (Chrono Boost)  
  127  8:41  Probe x2  
  128  8:53  Probe  
  128  8:54  Photon Cannon  
  128  8:55  Carrier (Chrono Boost)  
  135  8:57  Photon Cannon  
  135  8:59  Phoenix (Chrono Boost)  
  135  9:05  Pylon  
  135  9:06  Disruptor (Chrono Boost)  
  138  9:27  Nexus  
  138  9:32  Carrier (Chrono Boost)  
  138  9:33  Stargate  
  138  9:38  Pylon  
  144  9:39  Disruptor (Chrono Boost)  
  144  9:43  Pylon  
  147  9:56  Pylon  
  147  9:57  Pylon  
  147  9:59  Photon Cannon  
  147  10:01  Photon Cannon  
  147  10:02  Photon Cannon  
  147  10:06  Pylon  
  153  10:10  Cybernetics Core  
  153  10:12  Carrier (Chrono Boost)  
  153  10:16  Photon Cannon  
  153  10:19  Pylon  
  153  10:20  Disruptor  
  156  10:27  Assimilator  
  156  10:31  Assimilator  
  156  10:32  Cybernetics Core  
  156  10:38  Pylon  
  156  10:39  Protoss Air Armor Level 1 (Chrono Boost)  
  162  10:50  Carrier (Chrono Boost)  
  168  11:01  Carrier (Chrono Boost)  
  168  11:07  Photon Cannon  
  168  11:09  Photon Cannon  
  168  11:11  Photon Cannon  
  174  11:29  Disruptor, Carrier (Chrono Boost)  
  175  11:38  Carrier (Chrono Boost)  
  179  11:51  Carrier (Chrono Boost)  
  179  11:53  Protoss Air Weapons Level 3 (Chrono Boost)  
  185  12:07  Mothership (Chrono Boost)  
  182  12:16  Photon Cannon  
  182  12:17  Photon Cannon, Probe (Chrono Boost)  
  188  12:30  Carrier (Chrono Boost)  
  188  12:37  Pylon  
  188  12:39  Pylon  
  188  12:41  Protoss Air Armor Level 2 (Chrono Boost)  
  188  12:56  Pylon  
  194  12:59  Carrier (Chrono Boost)  
  194  13:01  Carrier (Chrono Boost)  
  194  13:04  Pylon  
  200  13:21  Nexus  
  200  13:24  Photon Cannon x2  
  200  13:27  Colossus x2  
  199  13:52  Carrier  
  197  14:17  Twilight Council  
  197  14:23  Pylon  
  197  15:03  Stalker  
Show
View Real Time Build Order
Export as new Build Order

MǂAdel Protoss 

Build Orders:  

Get SALT Encoding   

  12  0:00  Probe  
  13  0:12  Probe  
  14  0:17  Pylon  
  14  0:24  Probe  
  15  0:37  Probe (Chrono Boost)  
  15  0:40  Gateway  
  16  0:46  Probe (Chrono Boost)  
  16  0:47  Assimilator  
  17  0:51  Probe (Chrono Boost)  
  18  1:03  Probe  
  19  1:06  Forge  
  19  1:15  Probe (Chrono Boost)  
  20  1:25  Probe (Chrono Boost)  
  21  1:28  Cybernetics Core  
  21  1:31  Probe  
  21  1:32  Assimilator  
  21  1:43  Probe  
  22  1:55  Probe  
  22  1:57  Nexus  
  23  2:06  Pylon  
  23  2:21  Stalker (Chrono Boost)  
  23  2:22  Gateway  
  23  2:24  Probe  
  23  2:25  Warp Gate  
  26  2:33  Pylon  
  27  2:43  Stalker  
  28  2:52  Shield Battery  
  28  2:59  Probe  
  29  3:09  Stalker  
  29  3:10  Probe (Chrono Boost)  
  33  3:15  Probe (Chrono Boost), Stalker  
  35  3:22  Probe (Chrono Boost)  
  35  3:25  Robotics Facility  
  37  3:27  Probe (Chrono Boost)  
  37  3:28  Probe (Chrono Boost)  
  38  3:36  Probe  
  38  3:37  Probe  
  40  3:42  Sentry  
  40  3:45  Stalker  
  40  3:48  Probe (Chrono Boost)  
  45  3:49  Pylon, Probe (Chrono Boost)  
  46  4:01  Assimilator, Probe (Chrono Boost)  
  48  4:06  Probe (Chrono Boost)  
  38  4:22  Probe (Chrono Boost)  
  38  4:23  Probe (Chrono Boost)  
  40  4:28  Observer  
  40  4:29  Stalker x2  
  47  4:31  Probe (Chrono Boost)  
  47  4:32  Probe (Chrono Boost)  
  47  4:45  Probe x2  
  49  4:49  Pylon  
  49  4:50  Twilight Council  
  49  4:55  Stalker x2  
  49  4:58  Observer  
  54  5:08  Probe x2  
  56  5:17  Assimilator  
  56  5:20  Pylon, Probe x2  
  58  5:32  Probe x2  
  60  5:44  Probe x2  
  60  5:45  Nexus  
  62  5:56  Probe x2, Stalker x2  
  68  5:59  Observer  
  68  6:00  Pylon  
  68  6:08  Probe (Chrono Boost)  
  68  6:09  Probe (Chrono Boost)  
  70  6:13  Blink  
  70  6:17  Gateway  
  70  6:19  Pylon  
  70  6:28  Probe  
  70  6:29  Probe  
  70  6:30  Stalker  
  74  6:42  Gateway  
  74  6:43  Gateway, Probe x2  
  74  6:45  Shield Battery, Gateway  
  76  6:55  Probe (Chrono Boost)  
  76  6:56  Probe (Chrono Boost)  
  76  7:00  Probe (Chrono Boost)  
  79  7:05  Pylon  
  79  7:07  Gateway, Probe (Chrono Boost)  
  80  7:09  Probe (Chrono Boost)  
  80  7:10  Probe (Chrono Boost)  
  80  7:12  Probe (Chrono Boost)  
  83  7:16  Probe  
  83  7:19  Probe  
  83  7:21  Probe  
  86  7:23  Nexus  
  86  7:28  Stalker x2  
  90  7:34  Forge, Probe (Chrono Boost)  
  90  7:35  Probe (Chrono Boost)  
  90  7:36  Probe (Chrono Boost)  
  93  7:46  Probe (Chrono Boost)  
  93  7:47  Pylon, Probe (Chrono Boost)  
  93  7:50  Pylon, Stalker x2  
  93  7:51  Probe (Chrono Boost)  
  100  7:54  Probe x2 (Chrono Boost)  
  100  7:55  Templar Archives  
  100  7:58  Probe  
  103  8:04  Probe  
  103  8:05  Assimilator, Probe  
  105  8:06  Assimilator  
  105  8:07  Pylon  
  105  8:10  Probe  
  106  8:13  Gateway  
  106  8:14  Gateway  
  106  8:15  Protoss Ground Weapons Level 1 (Chrono Boost)  
  106  8:16  Gateway  
  106  8:19  Gateway  
  106  8:26  Probe x2  
  108  8:27  Probe  
  109  8:36  Probe  
  109  8:37  Photon Cannon  
  109  8:38  Probe x2, High Templar  
  109  8:39  High Templar x5  
  124  8:42  Gateway  
  124  8:43  Pylon  
  124  8:50  Archon x2  
  124  8:51  Archon  
  124  8:55  Probe x3  
  127  8:58  Gateway  
  127  9:00  Gateway  
  127  9:01  Gateway  
  127  9:07  Assimilator  
  127  9:09  Assimilator  
  127  9:19  High Templar x4  
  127  9:20  High Templar x3  
  141  9:35  Archon  
  141  9:36  Archon x2  
  141  9:37  High Templar  
  141  9:38  Stalker x2  
  147  9:56  Observer  
  147  9:57  Archon  
  147  9:59  Stalker x4  
  155  10:00  Stalker x4  
  155  10:03  Pylon  
  155  10:04  Observer  
  163  10:21  Nexus  
  163  10:23  Pylon  
  163  10:26  Pylon  
  163  10:33  Stargate  
  163  10:34  High Templar x2  
  163  10:35  High Templar x2  
  171  10:40  Assimilator  
  171  10:46  Assimilator, Archon  
  171  10:47  Archon  
  171  10:52  Pylon  
  171  11:05  High Templar x5  
  171  11:07  Probe  
  171  11:08  Probe x3  
  184  11:20  Gateway  
  184  11:22  Gateway, Archon x2  
  184  11:23  High Templar x3  
  190  11:28  Archon  
  190  11:29  Archon  
  190  11:31  Probe x3  
  190  11:32  Probe  
  194  11:34  Gateway  
  194  11:35  Fleet Beacon  
  194  11:52  Photon Cannon  
  194  11:54  Photon Cannon  
  188  12:25  Nexus  
  188  12:26  Pylon  
  188  12:29  Photon Cannon  
  188  12:30  Photon Cannon  
  188  12:31  Photon Cannon  
  188  12:33  High Templar x3  
  188  12:34  Photon Cannon, High Templar x3  
  188  12:35  Photon Cannon  
  188  12:36  Photon Cannon  
  200  12:37  Photon Cannon  
  200  12:39  Photon Cannon  
  200  12:40  Pylon  
  200  12:49  Stargate  
  200  12:50  Archon x3  
  200  12:51  Stargate  
  198  13:16  Cybernetics Core  
  198  13:23  Protoss Air Weapons Level 1 (Chrono Boost)  
  166  14:08  Tempest x3 (Chrono Boost)  
  179  14:20  Forge  
  179  14:21  Zealot x4  
  159  14:37  High Templar x9  
  165  14:44  Archon  
  165  14:45  Archon x3  
  153  14:46  High Templar x4  
  134  15:13  Archon x2  
Tags
 
Composition
Carriers
Matchup
PvP
Spawn Locations
Cross Positions
Add a new tag
Caveats
  • Supply blocks, unpowered buildings, or Contaminate may cause inaccurate times.
  • Supply counts are checked every 10 seconds.